Map: Pillars of Gold LE

Players

LiquidClem (Clem)

  • Race: Terran Terran
  • League: Grandmaster
  • Spawn Location: 7:00

Serral - Winner!

  • Race: Zerg Zerg
  • League: Master
  • Spawn Location: 1:00

Event: DreamHack SC2 Masters 2020 Winter

VOD

Have the link to the VOD?

Description

Time

  • Played on: Nov. 6, 2020, 1:12 p.m.
  • Length: 19:17

All games in this series

Show
View Real Time Build Order
Export as new Build Order

LiquidClem Terran 

Build Orders: Liberator Opening, Reaper Expand 

Get SALT Encoding   

  12  0:00  SCV  
  13  0:13  SCV  
  14  0:17  Supply Depot  
  14  0:25  SCV  
  15  0:39  SCV  
  15  0:41  Barracks  
  16  0:46  Refinery  
  16  0:51  SCV  
  17  1:03  SCV  
  18  1:15  SCV  
  19  1:28  Reaper, Orbital Command  
  20  1:43  Command Center  
  20  1:51  Supply Depot  
  20  1:54  SCV  
  20  2:00  Marine  
  22  2:06  SCV  
  23  2:15  Factory  
  23  2:18  SCV  
  23  2:20  Refinery  
  24  2:23  Barracks Reactor  
  24  2:30  SCV  
  25  2:43  SCV  
  26  2:54  Orbital Command  
  26  2:55  SCV  
  27  2:59  Starport  
  27  3:04  Hellion x2  
  31  3:07  SCV  
  31  3:09  Marine  
  33  3:19  SCV  
  34  3:20  SCV  
  34  3:26  Hellion x2  
  39  3:27  Supply Depot  
  39  3:32  SCV  
  39  3:33  SCV, Barracks Tech Lab  
  41  3:37  Liberator  
  44  3:45  SCV x2  
  46  3:49  Hellion  
  46  3:51  Hellion  
  48  3:57  SCV  
  48  3:59  SCV  
  47  4:04  Supply Depot  
  47  4:06  Stimpack  
  47  4:09  SCV  
  46  4:11  SCV  
  47  4:22  SCV, Command Center  
  48  4:24  SCV  
  48  4:26  Starport Reactor  
  48  4:28  Factory Tech Lab  
  49  4:34  Supply Depot  
  49  4:36  SCV x2  
  51  4:41  Barracks  
  51  4:44  Barracks  
  51  4:48  SCV x2  
  51  4:51  Marine  
  54  5:00  SCV  
  54  5:01  SCV, Engineering Bay  
  54  5:02  Engineering Bay  
  56  5:12  SCV, Starport Reactor, Marine, Siege Tank  
  61  5:14  Refinery  
  61  5:15  SCV  
  61  5:18  Refinery  
  62  5:24  SCV  
  62  5:27  Terran Infantry Weapons Level 1, Terran Infantry Armor Level 1  
  63  5:29  Marine  
  63  5:31  SCV, Marine  
  63  5:32  Marine  
  67  5:37  Orbital Command  
  67  5:38  SCV  
  67  5:41  Marine x2  
  70  5:46  Siege Tank  
  70  5:48  SCV  
  74  5:50  SCV  
  74  5:51  Marine x2  
  74  5:52  Marine  
  74  5:54  Medivac  
  80  5:58  Medivac  
  80  6:00  Supply Depot, Orbital Command  
  82  6:09  Armory, SCV x2  
  84  6:12  Marine  
  84  6:13  Combat Shield  
  84  6:16  Supply Depot  
  85  6:21  Marine x4  
  85  6:25  SCV  
  90  6:27  SCV  
  90  6:30  SCV, Marine  
  93  6:36  Supply Depot  
  93  6:38  SCV  
  93  6:39  Marine x4  
  98  6:41  SCV  
  98  6:45  Barracks  
  99  6:48  SCV, Barracks  
  100  6:54  Marine  
  100  6:57  SCV, Marine x2, Siege Tank  
  100  6:58  Supply Depot  
  100  6:59  SCV  
  100  7:00  SCV  
  109  7:13  Barracks x2  
  109  7:16  Supply Depot  
  109  7:19  Barracks  
  109  7:20  SCV, Marine x3  
  109  7:21  Neosteel Armor  
  113  7:23  Terran Infantry Weapons Level 2  
  113  7:24  Marine x2  
  115  7:30  SCV x2  
  117  7:38  Supply Depot, Medivac, Marine x3, Siege Tank  
  117  7:40  Supply Depot  
  117  7:44  Barracks Reactor x2  
  125  7:52  Supply Depot  
  125  7:56  Supply Depot  
  125  7:59  Marine x5  
  125  8:00  SCV, Medivac  
  125  8:03  Marine  
  125  8:04  Marine  
  131  8:07  Marine  
  131  8:08  Medivac  
  131  8:16  Supply Depot  
  131  8:17  Marine x5  
  136  8:21  Marine x2  
  136  8:23  Marine x2  
  136  8:24  Marine x2  
  136  8:25  Marine  
  136  8:26  Siege Tank  
  146  8:29  Supply Depot  
  146  8:30  Medivac  
  146  8:32  Refinery  
  148  8:35  Marine x3  
  148  8:37  Marine  
  148  8:38  Medivac  
  148  8:41  Marine  
  154  8:42  Marine x2  
  154  8:46  Marine x2  
  154  8:47  Supply Depot  
  159  8:55  Marine x4  
  159  8:56  Marine  
  159  8:57  Marine x2  
  159  8:58  Siege Tank  
  159  8:59  Marine  
  159  9:00  Marine  
  159  9:01  Command Center  
  168  9:06  Factory  
  168  9:07  Terran Infantry Armor Level 2  
  168  9:08  Marine  
  165  9:14  Terran Vehicle Weapons Level 1  
  144  9:22  Marine x3  
  144  9:23  Marine x5  
  136  9:30  Marine, Siege Tank  
  136  9:31  Medivac  
  142  9:32  Marine x2  
  142  9:35  Marine  
  145  9:38  Medivac  
  145  9:40  Marine x3  
  145  9:41  Marine  
  145  9:42  Marine  
  145  9:45  Marine x2  
  148  9:52  Marine x2  
  140  9:56  Marine x3  
  140  9:58  Marine  
  137  10:01  Medivac  
  137  10:02  Siege Tank  
  137  10:05  Marine x2  
  130  10:07  Marine x2  
  130  10:09  Marine x2  
  130  10:10  Marine, Liberator  
  130  10:11  Marine  
  130  10:13  Marine  
  137  10:15  SCV x3  
  137  10:18  Marine  
  137  10:19  Marine x2  
  143  10:30  Terran Infantry Weapons Level 3  
  143  10:33  Marine x2  
  143  10:34  Siege Tank  
  147  10:38  Planetary Fortress  
  147  10:41  Medivac, Marine  
  147  10:42  Marine x4  
  154  10:45  SCV x2  
  154  10:46  SCV, Marine  
  154  10:48  Marine x2  
  160  10:50  Marine x2  
  160  10:53  Marine x2  
  160  10:54  Factory Tech Lab  
  164  10:59  Medivac  
  166  11:06  Marine x3, Siege Tank  
  166  11:07  Marine x5  
  166  11:08  Marine  
  166  11:11  Supply Depot  
  168  11:12  SCV  
  168  11:14  SCV x2  
  168  11:15  SCV  
  160  11:22  Marine, Siege Tank  
  160  11:24  SCV  
  160  11:26  SCV  
  160  11:29  Marine x4  
  160  11:31  Marine x2  
  167  11:37  Marine x2  
  167  11:38  Marauder, Marine  
  167  11:39  Marine  
  173  11:40  Marine  
  173  11:44  Siege Tank  
  173  11:45  Orbital Command  
  177  11:48  Liberator  
  177  11:50  Marine x2  
  177  11:51  Marine x4  
  176  11:54  Siege Tank  
  176  11:57  SCV  
  176  12:00  Marine  
  175  12:04  Marine x3  
  175  12:05  Marine  
  176  12:12  Marine  
  147  12:15  Marine  
  147  12:16  Marine x5, Siege Tank  
  147  12:17  Marine  
  147  12:20  SCV x3  
  147  12:22  Marine x3  
  159  12:25  Liberator  
  159  12:26  Siege Tank  
  159  12:28  Supply Depot  
  167  12:30  Marine  
  167  12:33  SCV x2, Barracks  
  167  12:35  Supply Depot, Marine x2  
  172  12:38  Marine  
  172  12:44  Marauder, Marine x3  
  175  12:46  Marine  
  175  12:47  Marine  
  175  12:49  Siege Tank  
  175  12:50  Marine  
  184  12:53  Marine x3  
  184  12:55  Marine  
  188  13:02  Marine  
  188  13:03  Orbital Command, Siege Tank  
  166  13:06  Marine x2  
  166  13:08  Marine  
  166  13:09  Marine x2  
  166  13:10  Marine  
  166  13:11  Marine  
  169  13:14  SCV x2  
  169  13:18  Marine  
  169  13:22  Siege Tank  
  169  13:26  Marine x4  
  169  13:27  Marine  
  177  13:34  Marine x2  
  177  13:35  Siege Tank  
  177  13:36  Marine x3  
  177  13:40  Marine  
  186  13:43  Liberator  
  186  13:44  Marine  
  190  13:49  Marine x3  
  190  13:51  Marine  
  190  13:52  Marine x2  
  196  14:08  Marine x2  
  196  14:09  Marine  
  196  14:10  Orbital Command  
  196  14:12  Marine x3  
  196  14:13  Marine x4  
  196  14:14  Cyclone, Marine  
  196  14:15  Siege Tank  
  164  14:26  Marine x2  
  164  14:27  Marine  
  164  14:30  Marine  
  164  14:31  Liberator  
  167  14:37  Marine  
  167  14:44  Marine  
  168  14:47  Siege Tank x2  
  168  14:48  Marine x2  
  175  14:56  Marine  
  175  14:58  Marine  
  175  14:59  Marine  
  161  15:04  Marine x2  
  161  15:05  Marine x2  
  155  15:08  Marine x2  
  155  15:09  Marine x2  
  155  15:10  Medivac, Command Center  
  155  15:14  SCV x2, Marine  
  164  15:15  Refinery, Missile Turret, Command Center, Marine  
  164  15:16  Refinery  
  164  15:17  Marine  
  164  15:19  Siege Tank  
  153  15:22  Marine x2  
  153  15:23  Marine x2  
  153  15:26  Marine x3  
  153  15:27  Marine  
  150  15:31  Marine, Siege Tank  
  150  15:33  Marine  
  150  15:35  Marine  
  152  15:40  SCV, Marine x2  
  152  15:41  SCV, Marine x2  
  157  15:45  Marine x2  
  157  15:47  Marine  
  157  15:48  Marine  
  161  15:51  Siege Tank  
  161  15:52  Marine x2  
  161  15:55  SCV  
  162  15:59  Marine x3  
  162  16:00  Marine  
  162  16:01  Marine  
  162  16:03  Marine x2, Siege Tank  
  173  16:05  Marine  
  173  16:06  Marauder  
  173  16:10  Marine x2  
  176  16:17  Marine x3  
  174  16:18  Marine x2  
  174  16:21  Marine  
  174  16:22  Marine  
  174  16:23  Marine, Siege Tank  
  178  16:26  Bunker  
  178  16:27  Bunker, Marauder, Marine  
  178  16:28  Marine  
  178  16:29  Supply Depot  
  178  16:31  Missile Turret  
  182  16:34  Marine x2  
  182  16:35  Siege Tank  
  182  16:36  Orbital Command  
  182  16:37  Orbital Command, Marine  
  183  16:45  Marine  
  183  16:46  Marine  
  179  16:47  Marine  
  179  16:48  Marine  
  179  16:49  Marauder  
  156  16:54  Marine x2  
  156  16:55  Marine x3, Siege Tank  
  156  16:56  Marine  
  156  16:58  SCV  
  156  16:59  SCV x3  
  143  17:03  Marine x2  
  143  17:05  SCV, Marine x2  
  143  17:07  Siege Tank  
  151  17:10  Marine  
  151  17:12  Marine x3  
  151  17:13  SCV, Marine  
  151  17:14  SCV  
  158  17:17  Marine  
  158  17:19  Marine  
  156  17:24  SCV  
  156  17:25  Refinery  
  156  17:27  Refinery, Siege Tank  
  156  17:28  SCV x2  
  162  17:30  Medivac  
  162  17:32  Marine  
  162  17:36  Marine  
  162  17:37  Marine  
  166  17:38  Marine x4  
  166  17:43  Marine x2  
  154  17:44  Medivac  
  154  17:48  Marine x2  
  154  17:50  Marine  
  147  17:52  SCV  
  147  17:53  SCV  
  147  17:54  Marine x2  
  147  17:55  SCV x4  
  150  17:58  Marine  
  150  18:00  Medivac  
  150  18:01  Marine  
  150  18:05  SCV x2  
  149  18:14  Medivac  
  149  18:19  Siege Tank  
  154  18:26  Marine, Siege Tank  
  155  18:29  Marine  
  151  18:35  Marine  
  151  18:36  Marine x2  
  151  18:40  Medivac  
  154  18:44  Marine x2  
  154  18:46  Marine  
  157  18:51  Marine x2  
  157  18:55  Marine  
  159  18:56  Marine  
  159  18:58  Marine  
Show
View Real Time Build Order
Export as new Build Order

Serral Zerg - Winner!

Build Orders: Hatch First 

Get SALT Encoding   

  12  0:00  Drone  
  13  0:12  Overlord  
  13  0:17  Drone  
  14  0:31  Drone x2  
  16  0:49  Hatchery  
  15  0:53  Drone  
  15  0:55  Drone  
  17  0:59  Drone  
  18  1:09  Extractor  
  17  1:15  Spawning Pool  
  17  1:18  Drone  
  17  1:21  Drone  
  18  1:28  Drone  
  19  1:38  Drone  
  20  1:49  Drone  
  21  2:01  Queen x2  
  21  2:02  Zergling x4  
  27  2:10  Overlord  
  27  2:12  Drone  
  27  2:13  Metabolic Boost  
  28  2:33  Hatchery  
  28  2:35  Drone  
  28  2:36  Drone  
  29  2:46  Queen  
  29  2:50  Overlord  
  31  2:53  Drone  
  31  2:57  Drone  
  33  2:59  Drone  
  33  3:01  Drone  
  35  3:09  Drone  
  35  3:10  Drone  
  35  3:11  Drone x2  
  39  3:17  Drone  
  40  3:20  Overlord  
  40  3:24  Drone x2  
  42  3:27  Queen  
  44  3:37  Queen  
  44  3:40  Overlord  
  46  3:44  Zergling x4  
  46  3:45  Zergling x2  
  46  3:48  Zergling x4  
  51  3:53  Evolution Chamber  
  51  3:54  Drone  
  51  3:55  Drone  
  49  4:02  Drone, Baneling Nest  
  45  4:03  Drone x2  
  45  4:06  Drone  
  48  4:12  Queen  
  48  4:17  Drone x2  
  52  4:19  Drone  
  52  4:22  Drone x2  
  55  4:28  Drone x3  
  55  4:30  Drone  
  59  4:33  Overlord  
  59  4:35  Zergling x2  
  59  4:36  Drone  
  61  4:42  Spore Crawler, Drone  
  61  4:44  Lair  
  61  4:48  Zergling x2  
  61  4:50  Drone x3  
  65  4:55  Drone x3  
  65  4:57  Extractor x2  
  65  4:58  Drone x2  
  68  5:02  Overlord  
  68  5:04  Drone  
  68  5:06  Drone  
  70  5:09  Drone x3  
  70  5:12  Drone  
  74  5:19  Overlord  
  74  5:20  Overlord  
  74  5:22  Drone  
  74  5:25  Drone x3  
  74  5:27  Drone x2  
  80  5:30  Evolution Chamber x2  
  80  5:32  Drone x3  
  80  5:34  Drone  
  82  5:37  Drone  
  82  5:41  Extractor x2  
  82  5:42  Centrifical Hooks  
  81  5:45  Drone x4  
  81  5:48  Overseer  
  85  5:55  Hatchery  
  85  5:56  Zergling x8  
  88  6:01  Overlord  
  88  6:02  Zergling x2, Spore Crawler  
  88  6:07  Zergling x10  
  93  6:14  Zerg Melee Weapons Level 1  
  93  6:16  Zerg Ground Armor Level 1  
  93  6:17  Zergling x6  
  96  6:19  Baneling  
  96  6:20  Baneling  
  96  6:22  Baneling  
  96  6:27  Zergling x2  
  96  6:28  Zergling x14  
  96  6:32  Drone  
  104  6:37  Zergling x4  
  106  6:40  Baneling x8  
  106  6:41  Overlord x2  
  106  6:55  Hydralisk Den  
  106  6:56  Overlord  
  106  6:57  Zergling x2  
  106  7:00  Overlord  
  106  7:01  Drone x5  
  106  7:02  Drone x2  
  106  7:06  Drone x2  
  115  7:08  Queen  
  115  7:09  Drone x2  
  115  7:11  Drone x2  
  115  7:15  Overlord  
  121  7:19  Overlord  
  121  7:20  Zergling x6  
  121  7:21  Pneumatized Carapace  
  124  7:23  Zergling x4  
  124  7:26  Muscular Augments  
  124  7:27  Drone x3  
  124  7:28  Spore Crawler  
  124  7:29  Zergling x4  
  130  7:33  Overlord  
  130  7:34  Zergling x4  
  132  7:50  Hydralisk x7  
  146  7:54  Overlord  
  146  7:55  Hatchery  
  146  7:57  Zergling x10  
  149  7:59  Baneling x4  
  143  8:07  Zergling x18  
  146  8:14  Baneling x3  
  146  8:17  Zergling x2  
  146  8:18  Zergling x10  
  152  8:20  Overlord  
  152  8:26  Baneling x14  
  152  8:30  Zergling x12  
  158  8:36  Zergling x6  
  158  8:37  Grooved Spines  
  158  8:42  Zergling x8  
  158  8:43  Baneling  
  158  8:44  Baneling x7  
  162  8:51  Zergling x14  
  162  8:52  Zergling x4  
  162  8:55  Overlord  
  171  9:00  Queen  
  171  9:04  Baneling x3  
  171  9:06  Zergling x8  
  164  9:13  Zergling x12  
  164  9:16  Zergling x2  
  164  9:17  Zergling x6  
  154  9:19  Zerg Melee Weapons Level 2  
  129  9:24  Zergling x8  
  129  9:28  Baneling x11  
  129  9:30  Zergling x10  
  138  9:34  Baneling x3  
  138  9:35  Zergling x4  
  140  9:39  Zergling x6  
  140  9:41  Baneling x3  
  141  9:45  Baneling  
  141  9:46  Baneling x2  
  141  9:49  Zergling x6  
  134  9:55  Baneling x5  
  134  9:57  Zergling x18  
  126  10:07  Hydralisk  
  126  10:08  Hydralisk x2  
  126  10:09  Zergling x10  
  137  10:14  Zergling x4  
  137  10:15  Baneling x3  
  137  10:19  Zergling x2, Hatchery  
  137  10:20  Zergling x2, Queen x4  
  137  10:21  Queen  
  149  10:25  Zergling x18, Spore Crawler  
  149  10:26  Baneling x2  
  149  10:27  Baneling x4  
  157  10:30  Zergling x2  
  157  10:33  Zergling x8  
  162  10:40  Extractor  
  162  10:42  Infestation Pit, Drone x2  
  159  10:43  Drone  
  159  10:47  Baneling x6  
  160  10:54  Zergling x16  
  168  11:02  Zerg Ground Armor Level 2  
  168  11:03  Overlord x2  
  163  11:04  Zergling x8  
  163  11:09  Zergling x8  
  166  11:13  Zergling x2  
  166  11:18  Zergling x10  
  167  11:22  Overseer  
  167  11:23  Hive  
  167  11:25  Zergling x8  
  161  11:28  Baneling  
  161  11:29  Baneling x8  
  159  11:34  Drone x5  
  159  11:35  Hydralisk x2, Drone x3  
  159  11:36  Zergling x10  
  174  11:50  Zergling x4  
  174  11:51  Zergling x20  
  176  11:59  Baneling x9  
  176  12:00  Baneling  
  177  12:01  Zergling x10  
  176  12:15  Zergling x24  
  166  12:16  Zergling x10  
  181  12:24  Zergling x14  
  181  12:25  Baneling x22  
  188  12:36  Adrenal Glands  
  188  12:40  Hatchery, Drone x3  
  188  12:41  Zergling x2  
  188  12:42  Zergling x14  
  198  12:55  Zerg Melee Weapons Level 3  
  195  13:02  Zergling x2  
  195  13:03  Zergling x34  
  184  13:09  Baneling x6  
  184  13:12  Zergling x10  
  180  13:17  Hydralisk x2  
  180  13:18  Zergling x12  
  180  13:19  Zergling x2  
  188  13:25  Viper  
  189  13:28  Zergling x6  
  192  13:35  Zerg Ground Armor Level 3  
  192  13:39  Zergling x10  
  192  13:40  Zergling x2  
  198  13:48  Zergling x2  
  198  14:00  Baneling x4  
  198  14:01  Zergling x10  
  198  14:04  Spore Crawler  
  198  14:07  Zergling x14  
  195  14:11  Hatchery, Baneling x6  
  195  14:13  Zergling x22  
  173  14:18  Zergling x8, Drone  
  173  14:19  Zergling x2  
  148  14:25  Zergling x12  
  148  14:26  Baneling  
  148  14:30  Zergling x6  
  153  14:37  Zergling x2  
  153  14:38  Zergling x10  
  156  14:43  Zergling x12  
  160  14:48  Baneling x5  
  155  14:55  Zergling x16  
  147  15:03  Zergling x2  
  147  15:04  Zergling x12  
  150  15:09  Zergling x10  
  155  15:14  Zergling x2  
  155  15:18  Zergling x8  
  144  15:27  Zergling x2  
  144  15:28  Zergling x16  
  148  15:32  Zergling x2  
  142  15:39  Zergling x18  
  142  15:40  Baneling x9  
  137  15:45  Zergling x6  
  138  15:52  Zergling x8  
  142  15:59  Baneling x2  
  142  16:00  Zergling x2  
  142  16:01  Zergling x20  
  145  16:13  Zergling x22  
  145  16:16  Baneling x8  
  153  16:19  Viper x2  
  153  16:22  Zergling x12  
  161  16:30  Drone x2  
  161  16:31  Drone  
  162  16:33  Zergling x12  
  167  16:44  Baneling x7  
  167  16:45  Zergling x16  
  171  16:51  Zergling x12  
  159  16:56  Zergling x10  
  159  16:57  Zergling x2  
  159  16:58  Baneling x4  
  159  16:59  Baneling  
  152  17:02  Baneling x6  
  152  17:05  Zergling x2  
  152  17:06  Zergling x6  
  151  17:17  Zergling x14  
  151  17:20  Baneling x6  
  151  17:22  Hatchery  
  157  17:23  Zergling x8  
  157  17:27  Baneling x2  
  160  17:33  Zergling x18  
  160  17:34  Zergling x2  
  170  17:44  Zergling x22  
  163  17:48  Baneling x9  
  164  17:58  Zergling x24  
  174  18:04  Zergling x12  
  175  18:09  Baneling x10  
  174  18:15  Drone x3  
  174  18:18  Zergling x12  
  182  18:26  Zergling x16  
  184  18:36  Zergling x14  
  184  18:37  Zergling x4  
  191  18:54  Zergling x14  
  195  18:57  Baneling x4  
  182  19:05  Hatchery  
Tags
 
Add a new tag
Caveats
  • Supply blocks, unpowered buildings, or Contaminate may cause inaccurate times.
  • Supply counts are checked every 10 seconds.